BSA
VISTA PANTHERS @ POCATELLO BOCCABELLAS
09/28/2024
 
TOP OF THE 1ST
Vista Panthers batting - Pitching for Pocatello Boccabellas : RHP Kevin Bush
Pitching: RHP Kevin Bush
Batting: RHB Wilson López 0-0: Ball
1-0: Foul Ball, location: 2F
1-1: Ball
2-1: Ball
3-1: Ground out 4-3 (Groundball, 4)
Batting: SHB Juan Gómez 0-0: Ball
1-0: Swinging Strike
1-1: Ball
2-1: Ball
3-1: DOUBLE (Line Drive, 9D)
Batting: LHB Jesús González 0-0: Called Strike
0-1: SINGLE (Flyball, 89S)
Juan Gómez to third
Batting: LHB Pablo Rivas 0-0: Ball
1-0: Called Strike
1-1: Fly out, F8 (Flyball, 8RXD)
Runner from 3rd tags up, SCORES, no throw
Batting: RHB Salvador Salas 0-0: Ball
1-0: Foul Ball, location: 2F
1-1: Swinging Strike
1-2: Foul Ball, location: 2F
1-2: SINGLE (Groundball, 5L)
Jesús González to second
Batting: LHB Bob Cunningham 0-0: Swinging Strike
0-1: Swinging Strike
0-2: Ball
1-2: Foul Ball, location: 2F
1-2: Strikes out looking
Top of the 1st over - 1 run(s), 3 hit(s), 0 error(s), 2 left on base; Vista 1 - Pocatello 0
BOTTOM OF THE 1ST
Pocatello Boccabellas batting - Pitching for Vista Panthers : LHP Josh Baker
Pitching: LHP Josh Baker
Batting: RHB José Delgado 0-0: Fly out, F8 (Flyball, 89S)
Batting: RHB Marlon Phipps 0-0: Ball
1-0: Ball
2-0: Fly out, F7 (Flyball, 7LS)
Batting: RHB Francisco Sandoval 0-0: Ball
1-0: Ball
2-0: Ball
3-0: Base on Balls
Batting: RHB Sugita Ito 0-0: Ball
1-0: Ball
2-0: Foul Ball, location: 2F
2-1: Fly out, F4 (Popup, 4D)
Bottom of the 1st over - 0 run(s), 0 hit(s), 0 error(s), 1 left on base; Vista 1 - Pocatello 0
TOP OF THE 2ND
Vista Panthers batting - Pitching for Pocatello Boccabellas : RHP Kevin Bush
Batting: RHB John Mendelson 0-0: Called Strike
0-1: Foul Ball, location: 2F
0-2: Strikes out looking
Batting: RHB Andrew Good 0-0: Ball
1-0: Ball
2-0: Foul Ball, location: 2F
2-1: Swinging Strike
2-2: Foul Ball, location: 2F
2-2: Fly out, F9 (Popup, 34D)
Batting: RHB Javier Deleón 0-0: Ball
1-0: Called Strike
1-1: Swinging Strike
1-2: Ball
2-2: Strikes out swinging
Top of the 2nd over - 0 run(s), 0 hit(s), 0 error(s), 0 left on base; Vista 1 - Pocatello 0
BOTTOM OF THE 2ND
Pocatello Boccabellas batting - Pitching for Vista Panthers : LHP Josh Baker
Batting: LHB Norberto Muńóz 0-0: Called Strike
0-1: Fly out, F9 (Flyball, 9M)
Batting: RHB Keith Kirkpatrick 0-0: Called Strike
0-1: Ball
1-1: Ball
2-1: SOLO HOME RUN (Flyball, 7D), Distance : 396 ft
Batting: LHB Juan Cortés 0-0: Called Strike
0-1: Foul Ball, location: 2F
0-2: Ball
1-2: Strikes out swinging
Batting: RHB Pete Harvey 0-0: Called Strike
0-1: Ball
1-1: Foul Ball, location: 2F
1-2: Ball
2-2: Ball
3-2: Foul Ball, location: 2F
3-2: Foul Ball, location: 2F
3-2: Ground out 5-3 (Groundball, 56)
Bottom of the 2nd over - 1 run(s), 1 hit(s), 0 error(s), 0 left on base; Vista 1 - Pocatello 1
TOP OF THE 3RD
Vista Panthers batting - Pitching for Pocatello Boccabellas : RHP Kevin Bush
Batting: RHB Wilson López 0-0: Ball
1-0: Called Strike
1-1: Fly out, F7 (Flyball, 7S)
Batting: SHB Juan Gómez 0-0: Ball
1-0: Ball
2-0: Called Strike
2-1: Fly out, F9 (Flyball, 89M)
Batting: LHB Jesús González 0-0: Called Strike
0-1: Ball
1-1: Called Strike
1-2: Ball
2-2: Foul Ball, location: 2F
2-2: Strikes out swinging
Top of the 3rd over - 0 run(s), 0 hit(s), 0 error(s), 0 left on base; Vista 1 - Pocatello 1
BOTTOM OF THE 3RD
Pocatello Boccabellas batting - Pitching for Vista Panthers : LHP Josh Baker
Batting: RHB Teddy Bates 0-0: Foul Ball, location: 2F
0-1: Ground out 5-3 (Groundball, 5L)
Batting: RHB José Delgado 0-0: Ball
1-0: Ball
2-0: Called Strike
2-1: Ball
3-1: Foul Ball, location: 2F
3-2: Base on Balls
Batting: RHB Marlon Phipps 0-0: Ball
1-0: Called Strike
José Delgado steals 2nd base
1-1: Called Strike
1-2: SINGLE (Line Drive, 4M)
José Delgado to third
Runner from 3rd tries for Home, throw and OUT!
Marlon Phipps to second
Batting: RHB Francisco Sandoval 0-0: Ball
1-0: Called Strike
1-1: Called Strike
1-2: Fly out, F8 (Flyball, 8RXD)
Bottom of the 3rd over - 0 run(s), 1 hit(s), 0 error(s), 1 left on base; Vista 1 - Pocatello 1
TOP OF THE 4TH
Vista Panthers batting - Pitching for Pocatello Boccabellas : RHP Kevin Bush
Batting: LHB Pablo Rivas 0-0: Ball
1-0: Called Strike
1-1: Ball
2-1: Fly out, F7 (Flyball, 7M)
Batting: RHB Salvador Salas 0-0: Ball
1-0: Ball
2-0: Called Strike
2-1: Fly out, F2 (Popup, 23F)
Batting: LHB Bob Cunningham 0-0: Ground out 4-3 (Groundball, 4)
Top of the 4th over - 0 run(s), 0 hit(s), 0 error(s), 0 left on base; Vista 1 - Pocatello 1
BOTTOM OF THE 4TH
Pocatello Boccabellas batting - Pitching for Vista Panthers : LHP Josh Baker
Batting: RHB Sugita Ito 0-0: Ball
1-0: Fly out, F8 (Flyball, 8RD)
Batting: LHB Norberto Muńóz 0-0: Ball
1-0: Ball
2-0: Ball
3-0: Base on Balls
Batting: RHB Keith Kirkpatrick 0-0: Ball
1-0: SINGLE (Line Drive, 78S)
Norberto Muńóz to second
Batting: LHB Juan Cortés 0-0: Ball
1-0: DOUBLE (Line Drive, 78D)
Norberto Muńóz scores
Keith Kirkpatrick to third
Batting: RHB Pete Harvey 0-0: Called Strike
0-1: Fly out, F7 (Flyball, 7S)
Batting: RHB Teddy Bates 0-0: Ball
1-0: Ball
2-0: Ball
3-0: Called Strike
3-1: Swinging Strike
3-2: Foul Ball, location: 2F
3-2: Fly out, F7 (Line Drive, 78M)
Bottom of the 4th over - 1 run(s), 2 hit(s), 0 error(s), 2 left on base; Vista 1 - Pocatello 2
TOP OF THE 5TH
Vista Panthers batting - Pitching for Pocatello Boccabellas : RHP Kevin Bush
Batting: RHB John Mendelson 0-0: Called Strike
0-1: Ball
1-1: Foul Ball, location: 2F
1-2: Ball
2-2: Strikes out swinging
Batting: RHB Andrew Good 0-0: Swinging Strike
0-1: Called Strike
0-2: Ball
1-2: Fly out, F9 (Flyball, 8RS)
Batting: RHB Javier Deleón 0-0: Ball
1-0: Swinging Strike
1-1: Foul Ball, location: 2F
1-2: Strikes out swinging
Top of the 5th over - 0 run(s), 0 hit(s), 0 error(s), 0 left on base; Vista 1 - Pocatello 2
BOTTOM OF THE 5TH
Pocatello Boccabellas batting - Pitching for Vista Panthers : LHP Josh Baker
Batting: RHB José Delgado 0-0: Ball
1-0: Swinging Strike
1-1: Ball
2-1: Called Strike
2-2: Fly out, F9 (Flyball, 9D)
Batting: RHB Marlon Phipps 0-0: Ball
1-0: Ball
2-0: Ball
3-0: Base on Balls
Batting: RHB Francisco Sandoval 0-0: Grounds into double play, U4-3 (Groundball, 4M)
Bottom of the 5th over - 0 run(s), 0 hit(s), 0 error(s), 0 left on base; Vista 1 - Pocatello 2
TOP OF THE 6TH
Vista Panthers batting - Pitching for Pocatello Boccabellas : RHP Kevin Bush
Batting: RHB Wilson López 0-0: Ball
1-0: Ball
2-0: Ground out 6-3 (Groundball, 6)
Batting: SHB Juan Gómez 0-0: Ball
1-0: Ball
2-0: Swinging Strike
2-1: Called Strike
2-2: Foul Ball, location: 2F
2-2: Foul Ball, location: 2F
2-2: Foul Ball, location: 2F
2-2: Strikes out looking
Batting: LHB Jesús González 0-0: Ball
1-0: Called Strike
1-1: Called Strike
1-2: Ball
2-2: SINGLE (Flyball, 4MD)
Batting: LHB Pablo Rivas 0-0: Ball
1-0: Swinging Strike
1-1: Called Strike
1-2: Ball
2-2: Foul Ball, location: 2F
2-2: Strikes out looking
Top of the 6th over - 0 run(s), 1 hit(s), 0 error(s), 1 left on base; Vista 1 - Pocatello 2
BOTTOM OF THE 6TH
Pocatello Boccabellas batting - Pitching for Vista Panthers : LHP Josh Baker
Batting: RHB Sugita Ito 0-0: Foul Ball, location: 2F
0-1: Called Strike
0-2: Ground out 6-3 (Groundball, 6)
Batting: LHB Norberto Muńóz 0-0: Swinging Strike
0-1: Ball
1-1: Fly out, F9 (Flyball, 89XD)
Batting: RHB Keith Kirkpatrick 0-0: Called Strike
0-1: Ground out 4-3 (Groundball, 4)
Bottom of the 6th over - 0 run(s), 0 hit(s), 0 error(s), 0 left on base; Vista 1 - Pocatello 2
TOP OF THE 7TH
Vista Panthers batting - Pitching for Pocatello Boccabellas : RHP Kevin Bush
Now in CF: David Monahan
Batting: RHB Salvador Salas 0-0: Called Strike
0-1: Swinging Strike
0-2: Strikes out looking
Batting: LHB Bob Cunningham 0-0: DOUBLE (Flyball, 7D)
Batting: RHB John Mendelson 0-0: Called Strike
0-1: Called Strike
0-2: Ball
1-2: Ball
2-2: Foul Ball, location: 2F
2-2: Strikes out swinging
Batting: RHB Andrew Good 0-0: Ball
1-0: Swinging Strike
1-1: Ground out 3-1 (Groundball, 34)
Top of the 7th over - 0 run(s), 1 hit(s), 0 error(s), 1 left on base; Vista 1 - Pocatello 2
BOTTOM OF THE 7TH
Pocatello Boccabellas batting - Pitching for Vista Panthers : LHP Josh Baker
Batting: LHB Juan Cortés 0-0: Called Strike
0-1: SINGLE (Flyball, 7LS)
Pinch Hitting: RHB Pedro Guzmán 0-0: Sac Bunt - play at first, batter OUT! 5-4
Juan Cortés to second
Batting: RHB Teddy Bates 0-0: Ball
1-0: Called Strike
1-1: Ball
2-1: Foul Ball, location: 2F
2-2: Ball
3-2: Strikes out swinging
Batting: RHB José Delgado 0-0: Ball
1-0: Ball
2-0: Ball
3-0: Called Strike
3-1: Fly out, F9 (Flyball, 9M)
Bottom of the 7th over - 0 run(s), 1 hit(s), 0 error(s), 1 left on base; Vista 1 - Pocatello 2
TOP OF THE 8TH
Vista Panthers batting - Pitching for Pocatello Boccabellas : RHP Kevin Bush
Now at 3B: Pedro Guzmán
Batting: RHB Javier Deleón 0-0: Foul Ball, location: 2F
0-1: Swinging Strike
0-2: Ball
1-2: Ground out 1-3 (Groundball, 15)
Batting: RHB Wilson López 0-0: Called Strike
0-1: Foul Ball, location: 2F
0-2: Ball
1-2: Ball
2-2: Ball
3-2: Foul Ball, location: 2F
3-2: SINGLE (Groundball, 6MD) (infield hit)
Pitching: RHP Bill Lowe
Batting: SHB Juan Gómez 0-0: Called Strike
0-1: Ball
1-1: Ball
2-1: Fly out, F5 (Popup, 56S)
Pitching: RHP César Martínez
Batting: LHB Jesús González 0-0: Called Strike
0-1: Ball
1-1: Foul Ball, location: 2F
1-2: Ground out 1-3 (Groundball, 15S)
Top of the 8th over - 0 run(s), 1 hit(s), 0 error(s), 1 left on base; Vista 1 - Pocatello 2
BOTTOM OF THE 8TH
Pocatello Boccabellas batting - Pitching for Vista Panthers : LHP Josh Baker
Pitching: RHP José Betancourt
Batting: RHB Marlon Phipps 0-0: Ball
1-0: Foul Ball, location: 2F
1-1: Called Strike
1-2: Ground out 4-3 (Groundball, 4)
Batting: RHB Francisco Sandoval 0-0: Ball
1-0: Foul Ball, location: 2F
1-1: Ball
2-1: Ball
3-1: Swinging Strike
3-2: SINGLE (Flyball, 7S)
Batting: RHB Sugita Ito 0-0: Ball
1-0: Grounds into double play, 5-4-3 (Groundball, 56)
Bottom of the 8th over - 0 run(s), 1 hit(s), 0 error(s), 0 left on base; Vista 1 - Pocatello 2
TOP OF THE 9TH
Vista Panthers batting - Pitching for Pocatello Boccabellas : RHP César Martínez
Pitching: RHP Adrián Martínez
Batting: LHB Pablo Rivas 0-0: Foul Ball, location: 2F
0-1: Ball
1-1: Foul Ball, location: 2F
1-2: Strikes out swinging
Pinch Hitting: RHB Roberto Cruz 0-0: Ball
1-0: Foul Ball, location: 2F
1-1: SINGLE (Line Drive, 56D)
Pinch Runner at 1st Alonso Sánchez:
Batting: LHB Bob Cunningham 0-0: Ball
1-0: Foul Ball, location: 2F
1-1: Ball
2-1: Foul Ball, location: 2F
2-2: Strikes out looking
Batting: RHB John Mendelson 0-0: Foul Ball, location: 2F
0-1: Foul Ball, location: 2F
0-2: Foul Ball, location: 2F
0-2: DOUBLE (Line Drive, 7LM)
Alonso Sánchez to third
Pinch Hitting: LHB Harry Pitts 0-0: Foul Ball, location: 2F
0-1: Ball
1-1: Swinging Strike
1-2: Foul Ball, location: 2F
1-2: Strikes out swinging
Top of the 9th over - 0 run(s), 2 hit(s), 0 error(s), 2 left on base; Vista 1 - Pocatello 2
This league is powered by Out of the Park Baseball, the baseball management simulation game for PC, Mac and Linux
Saturday, April 9th, 2016 - OOTP Baseball 16.8 Build 38